 Dungeon Crawl Stone Soup version 0.29.1-13-g9f3cf754e1 (webtiles) character file.

Game seed: 3212117904301561410

76 devnull the Grave Robber (level 4, -1/30 HPs)
             Began as a Demonspawn Necromancer on Jan 22, 2023.
             Slain by a goblin
             ... wielding a +0 club
             ... led by Robin
              (6 damage)
             ... on level 3 of the Dungeon.
             The game lasted 00:05:47 (2163 turns).

devnull the Grave Robber (Demonspawn Necromancer)   Turns: 2163, Time: 00:05:48

Health: -1/30      AC:  2    Str:  9    XL:     4   Next: 12%
Magic:  2/7        EV: 12    Int: 18    God:
Gold:   116        SH:  0    Dex: 13    Spells: 6/7 levels left

rFire   . . .      SeeInvis .   e - +0 spear
rCold   . . .      Faith    .   (no shield)
rNeg    . . .      Spirit   .   a - +0 robe
rPois   .          Reflect  .   (no helmet)
rElec   .          Harm     .   (no cloak)
rCorr   .          Rampage  .   (no gloves)
Will    .....                   (no boots)
Stlth   ++........              (no amulet)
HPRegen 0.10/turn               (no ring)
MPRegen 0.10/turn               (no ring)

@: mighty
A: claws 1, powered by pain 2
a: no special abilities


You were on level 3 of the Dungeon.
You visited 1 branch of the dungeon, and saw 3 of its levels.

You collected 116 gold pieces.

Inventory:

Hand Weapons
 e - a +0 spear (weapon)
Missiles
 d - 7 stones (quivered)
Armour
 a - a +0 robe (worn)
Scrolls
 f - a scroll of poison {unknown}
 g - a scroll of identify {unknown}
 j - a scroll of noise {unknown}
 l - a scroll of fear {unknown}
 n - a scroll of enchant weapon {unknown}
Potions
 b - a potion of magic
 c - 2 potions of lignification {unknown}
 i - 2 potions of heal wounds {unknown}
 k - a potion of haste {unknown}
 m - a potion of mutation {unknown}


   Skills:
 - Level 1.7 Dodging
 - Level 1.7 Stealth
 - Level 2.0 Spellcasting
 + Level 6.2 Necromancy


You had 6 spell levels left.
You knew the following spells:

 Your Spells              Type           Power      Damage    Failure   Level
a - Necrotise             Necr           96%        1d8       1%          1

Your spell library contained the following spells:

 Spells                   Type           Power      Damage    Failure   Level
 Vampiric Draining        Necr           24%        2d7       4%          3
 Animate Dead             Necr           24%        N/A       14%         4
 Sandblast                Erth           2%         2d4       19%         1
 Passwall                 Tmut/Erth      0%         N/A       26%         2
 Agony                    Necr           24%        N/A       36%         5
 Stone Arrow              Conj/Erth      2%         3d7       47%         3
 Leda's Liquefaction      Hex/Erth       0%         N/A       87%         4
 Passage of Golubria      Tloc           1%         N/A       87%         4
 Lee's Rapid Deconstruct  Erth           0%         3d5*      99%         5
 Silence                  Hex/Air        0%         N/A       99%         5
 Statue Form              Tmut/Erth      0%         N/A       100%        6
 Lehudib's Crystal Spear  Conj/Erth      0%         10d2      100%        8


Dungeon Overview and Level Annotations

Branches:
Dungeon (3/15)

Altars:

Annotations:
D:2 Robin


Innate Abilities, Weirdness & Mutations

You have sharp fingernails.
You sometimes gain power by taking damage.


Message History

The goblin writhes in agony.
Casting: Necrotise (safe; 1% risk of failure)
Confirm with . or Enter, or press ? or * to list all spells.
Aiming: Necrotise (safe; 1% risk of failure)
Press: ? - help, Shift-Dir - straight line, f/p - goblin
Aim: a goblin, wielding a +0 dagger (heavily wounded, strong, ally target, chance to affect: 92%)
The goblin writhes in agony.
You kill the goblin!
The dead are walking!
Robin throws the goblin at you! The goblin barely misses you.
The goblin barely misses your goblin skeleton.
Your goblin skeleton misses the goblin.
You closely miss the goblin. The goblin hits you but does no damage.
Your goblin skeleton misses the goblin.
You closely miss the goblin.
Robin laughs in a distinctly smug fashion.
A goblin comes into view. It is wielding a +0 dagger.
The goblin hits you with a +0 club. x2; The hobgoblin hits you.
The goblin attacks as you move away! The goblin hits you with a +0 club.
The hobgoblin attacks as you move away! The hobgoblin misses you.
Your goblin skeleton hits the goblin.
Okay, then.
Unknown command.
The goblin barely misses you.
Robin drinks a potion.
Robin seems to grow stronger.
Your goblin skeleton hits the hobgoblin but does no damage.
There is an escape hatch in the floor here.
Robin throws the goblin at you! The goblin hits you with a +0 club.
* * * LOW HITPOINT WARNING * * *
The goblin hits you with a +0 club.
* * * LOW HITPOINT WARNING * * *
The goblin closely misses you.
Your goblin skeleton closely misses the goblin.
You slide downwards.
The hatch slams shut behind you.
Found a stone staircase leading up.
The goblin attacks as you move away! The goblin barely misses you.
The goblin closely misses you.
You feel very mighty all of a sudden. The goblin hits you with a +0 club.
You die...

#.. #.# #.# ##
#.# . ##.#.#
..#.#
#########<..#
#......@gg..#
#.#########...#
≈≈≈≈≈ ≈≈≈≈ ..#
.# #


You could see 2 goblins.

Vanquished Creatures
  2 adders (D:2)
  A worm (D:2)
  A dart slug (D:1)
  6 endoplasms
  A giant cockroach (D:1)
  5 goblins (D:2)
  3 hobgoblins
  A jackal (D:2)
  3 quokkas
  3 ball pythons
  3 bats (D:1)
  4 frilled lizards
  2 kobolds
  4 rats
39 creatures vanquished.

Vanquished Creatures (collateral kills)
  A dart slug (D:2)
  An endoplasm (D:1)
  A giant cockroach (D:2)
  2 jackals (D:2)
  A quokka (D:2)
  A kobold (D:1)
7 creatures vanquished.

Grand Total: 46 creatures vanquished

Notes
Turn   | Place    | Note
-------+----------+-------------------------------------------
     0 | D:1      | devnull the Demonspawn Necromancer began the quest for the
                  | Orb.
     0 | D:1      | Reached XP level 1. HP: 13/13 MP: 3/3
   647 | D:1      | Gained mutation: You sometimes gain a little power by
                  | taking damage. [demonic ancestry]
   647 | D:1      | Reached XP level 2. HP: 19/19 MP: 3/5
   704 | D:1      | Reached skill level 5 in Necromancy
  1291 | D:2      | Found a faded altar of an unknown god.
  1296 | D:2      | Gained mutation: You sometimes gain power by taking damage.
                  | [demonic ancestry]
  1296 | D:2      | Reached XP level 3. HP: 24/24 MP: 1/6
  1409 | D:2      | Reached skill level 6 in Necromancy
  1680 | D:2      | Gained mutation: You have sharp fingernails. [demonic
                  | ancestry]
  1680 | D:2      | Reached XP level 4. HP: 30/30 MP: 1/7
  1848 | D:2      | Noticed Robin
  2163 | D:3      | Slain by a goblin

Illustrated notes

Levels and vault maps discovered:
D:1:      onia_arrival_handbag, layout_rooms, solitary_fountain
D:2:      layout_rooms, hellmonk_ecumenical_altar_dog_temple, uniq_robin
D:3:      kennysheep_goblin_castle, layout_basic,
          nicolae_ru_the_path_less_chosen

Skill      XL: |  1  2  3 |
---------------+----------+-----
Necromancy     | 5 6 |  6.2
Dodging        | |  1.7
Stealth        | |  1.7
Spellcasting   | |  2.0

Action                   |  1- 3 |  4- 6 || total
-------------------------+-------+-------++-------
Melee: Spear             |    61 |     9 ||    70
       Unarmed           |     3 |       ||     3
Throw: Stone             |     4 |       ||     4
 Cast: Necrotise         |    50 |    11 ||    61
  Use: Potion            |       |     1 ||     1
 Stab: Sleeping          |     2 |       ||     2
Armor: Robe              |     9 |     5 ||    14
Dodge: Dodged            |    32 |    21 ||    53
